 Dungeon Crawl Stone Soup version 0.24.0-1-gfbc8707122 (webtiles) character file.

Game seed: 8271131818996803503, levelgen mode: deterministic

58 Alarkh the Ruffian (level 3, 0/29 HPs)
             Began as a Demonspawn Fighter on Oct 27, 2019.
             Slain by a gnoll
             ... wielding a +0 club
              (5 damage)
             ... on level 2 of the Dungeon.
             The game lasted 00:01:40 (1235 turns).

Alarkh the Ruffian (Demonspawn Fighter)             Turns: 1235, Time: 00:01:40

Health: 0/29       AC:  7    Str: 16    XL:     3   Next: 76%
Magic:  3/3        EV:  3    Int: 10    God:
Gold:   124        SH:  0    Dex: 12    Spells: 2/2 levels left

rFire    . . .     SeeInvis .     - Unarmed
rCold    . . .     Gourm    .   b - +0 shield
rNeg     . . .     Faith    .   a - +0 scale mail
rPois    .         Spirit   .   (no helmet)
rElec    .         Reflect  .   (no cloak)
rCorr    .         Harm     .   (no gloves)
MR       .....                  l - +0 pair of boots
Stlth    ..........             (no amulet)
HPRegen  0.09/turn              (no ring)
MPRegen  0.08/turn              (no ring)

@: held
A: powered by death 1, powered by pain 1
a: no special abilities


You were on level 2 of the Dungeon.
You were not hungry.

You visited 1 branch of the dungeon, and saw 2 of its levels.

You collected 124 gold pieces.

Inventory:

Armour
 a - a +0 scale mail (worn)
 b - a +0 shield (worn)
 l - a +0 pair of boots (worn)
Scrolls
 e - a scroll of noise {unknown}
 j - a scroll of magic mapping {unknown}
 k - 2 scrolls of remove curse {unknown}
 m - a scroll of enchant armour {unknown}
 r - 4 scrolls of identify
Potions
 c - a potion of might
 g - 3 potions of curing
 h - a potion of mutation
 i - a potion of berserk rage
Comestibles
 d - 4 rations


   Skills:
 - Level 3.0 Fighting
 - Level 2.6 Armour
 - Level 2.6 Shields
 + Level 3.8 Unarmed Combat


You had 2 spell levels left.
You didn't know any spells.
Your spell library was empty.

Dungeon Overview and Level Annotations

Branches:
Dungeon (2/15)

Altars:
Nemelex Xobeh
Yredelemnul


Innate Abilities, Weirdness & Mutations

You regenerate a little health from kills.
You sometimes gain a little power by taking damage.


Message History

You are too injured to fight recklessly!
The gnoll throws a throwing net.
The throwing net hits you.
You become entangled in the net!
You see here a throwing net.
You struggle against the net.
You struggle against the net.
The gnoll hits you from afar with a cursed +0 spear.
* * * LOW HITPOINT WARNING * * *
Okay, then.
You shred the net and break free! The gnoll hits you but does no damage.
The gnoll barely misses you. You block the gnoll's attack.
The gnoll throws a throwing net.
The throwing net hits you.
You become entangled in the net!
You see here a throwing net.
You tear a large gash into the net.
The gnoll hits you from afar with a cursed +0 spear.
* * * LOW HITPOINT WARNING * * *
You struggle against the net.
The gnoll hits you with a +0 club.
You die...

...# #. ..# #.<... #.
#.# #..... ## #.#
#..... #)# #.....
######g#######.....###
#.....g##...# #......#
#.....g##...# #......##
#....)@##...###....<...
######>.'.....+........
###+##...###.......#
#........# #.......#
#.......## ###+##...
#.......# #.##...
#....)..# #......
#.......## ##.....
###.#<...# #.....


You could see 3 gnolls.

Vanquished Creatures
  A gnoll (D:2)
  An adder (D:2)
  A worm (D:2)
  3 dart slugs
  A leopard gecko (D:1)
  2 giant cockroaches (D:2)
  2 goblins
  5 hobgoblins (D:2)
  4 jackals (D:1)
  4 kobolds
  A bat (D:1)
  2 frilled lizards
  A rat (D:2)
28 creatures vanquished.

Notes
Turn   | Place    | Note
-------+----------+-------------------------------------------
     0 | D:1      | Alarkh the Demonspawn Fighter began the quest for the Orb.
     0 | D:1      | Reached XP level 1. HP: 18/18 MP: 1/1
    37 | D:1      | You fall into a shaft and drop 1 floor!
    55 | D:2      | Gained mutation: You regenerate a little health from kills.
                  | [demonic ancestry]
    55 | D:2      | Reached XP level 2. HP: 15/24 MP: 2/2
   433 | D:2      | Found a basalt altar of Yredelemnul.
   629 | D:2      | Gained mutation: You sometimes gain a little power by
                  | taking damage. [demonic ancestry]
   629 | D:2      | Reached XP level 3. HP: 28/29 MP: 3/3
   874 | D:1      | Found a sparkling altar of Nemelex Xobeh.
  1140 | D:2      | Found a faded altar of an unknown god.
  1235 | D:2      | Slain by a gnoll

Levels and vault maps discovered:
D:1:      grunt_arrival_lava_bath, layout_basic,
          hangedman_abyss_or_decor_lesser_grid, nemelex_diamond_rough_becter
D:2:      layout_basic, lemuel_coloured_pillars_altar, first_ration,
          chequers_ecumenical_altar_island, chequers_serial_rivers_micro_b

Skill      XL: |  1  2 |
---------------+-------+-----
Unarmed Combat | 2 3 |  3.8
Fighting       | |  3.0
Armour         | |  2.6
Shields        | |  2.6

Action                   || total
-------------------------++-------
Melee: Unarmed           ||   178
  Use: Scroll            ||     4
  Eat: Chunk             ||     1
Armor: Scale mail        ||    63
Dodge: Dodged            ||    38
Block: Shield            ||    88
